Providence Bruins vs Rock Island Raccoons
Created - Wednesday, August 30, 2023 at 07:36
Goals
|
| Providence Bruins |
0 |
4 |
2 |
6 |
| Rock Island Raccoons |
1 |
0 |
2 |
3 |
|
Shots
|
| Providence Bruins |
2 |
25 |
9 |
36 |
| Rock Island Raccoons |
7 |
9 |
16 |
32 |
|
1st period
1. Rock Island Raccoons , Alex Barre-Boulet 4 (Martin Chromiak 2) at 5:10
Penalties :
Eric Robinson (RIR) for Fighting (Major) at 0:09, Michael Pezzetta (PRB) for Fighting (Major) at 0:09, Michael Pezzetta (PRB) for instigated a fight (Minor) at 0:09, Michael Pezzetta (PRB) for instigated a fight (10 Minutes Misconduct) at 0:09, Brendan Smith (RIR) for Tripping (Minor) at 5:18, Oskar Olausson (PRB) for Hooking (Minor) at 17:11
2nd period
2. Providence Bruins , Michal Teply 3 (Jack Studnicka 5, Samuel Bolduc 2) at 4:21
3. Providence Bruins , Nick Perbix 1 (Morgan Geekie 3, Nikolai Knyzhov 1) at 4:37
4. Providence Bruins , Michael Pezzetta 3 (Jack Studnicka 6, Nick Perbix 2) at 14:33 (SH)
5. Providence Bruins , Jack Studnicka 4 (Nikolai Knyzhov 2, Michal Teply 3) at 16:43 (PP)
Penalties :
Michael Pezzetta (PRB) for Roughing (Minor) at 9:53, Jordan Spence (PRB) for Hooking (Minor) at 14:18, Brendan Smith (RIR) for Interference (Minor) at 16:29, Jujhar Khaira (RIR) for Hooking (Minor) at 16:54
3rd period
6. Rock Island Raccoons , Craig Smith 5 (Jujhar Khaira 9) at 0:45
7. Providence Bruins , Michal Teply 4 (Jack Studnicka 7) at 6:58
8. Providence Bruins , Logan Hutsko 1 (Nick Perbix 3, Nikolai Knyzhov 3) at 18:20
9. Rock Island Raccoons , Alex Barre-Boulet 5 (Martin Chromiak 3, Vinni Lettieri 4) at 19:31
Penalties :
Morgan Geekie (PRB) for Interference (Minor) at 1:19, Vinni Lettieri (RIR) for High sticking (Minor) at 7:18, Oskar Olausson (PRB) for Hooking (Minor) at 9:47, Logan Stanley (RIR) for Fighting (Major) at 12:58, Cole Schwindt (PRB) for Fighting (Major) at 12:58, Kyle Burroughs (RIR) for Holding (Minor) at 14:49, Ryan Lindgren (RIR) for Fighting (Major) at 19:22, Cole Smith (PRB) for Fighting (Major) at 19:22
Goalie Stats
Leevi Merilainen (PRB), 29 saves from 32 shots - (0.906), W, 3-1-0, 60:00 minutes
Craig Anderson (RIR), 30 saves from 36 shots - (0.833), L, 3-2-0, 60:00 minutes
Players Stats for Providence Bruins
Player Name G A P +/- PIM S H SB GA TA FO MP PP MP PK MP
------------------------------------------------------------------------------------
Blake Murray 0 0 0 -1 0 0 1 0 0 0 4/7 11:49 1:44 0:46
Brandon Coe 0 0 0 0 0 1 0 0 0 0 0/0 7:16 0:00 0:00
Cole Schwindt 0 0 0 2 5 3 0 0 0 0 0/0 14:38 3:12 0:00
Cole Smith 0 0 0 0 5 1 1 0 0 0 0/2 19:47 3:42 5:32
Jachym Kondelik 0 0 0 0 0 3 1 0 0 0 0/0 9:08 1:06 0:00
Jack Studnicka 1 3 4 3 0 4 2 1 0 0 12/19 21:33 4:06 5:39
Jared McIsaac 0 0 0 0 0 0 0 0 0 1 0/0 12:31 0:00 0:44
John Beecher 0 0 0 0 0 1 0 0 0 0 0/0 9:28 0:00 0:00
Jordan Spence 0 0 0 -2 2 2 0 0 0 0 0/0 22:54 3:53 5:07
Logan Hutsko 1 0 1 0 0 4 0 1 0 1 3/6 14:00 0:02 3:07
Marc Del Gaizo 0 0 0 0 0 0 1 0 0 0 0/0 12:11 0:00 0:23
Michael Pezzetta 1 0 1 0 19 3 1 1 1 0 1/6 14:23 2:35 3:46
Michal Teply 2 1 3 2 0 4 2 0 0 0 0/1 16:01 4:22 0:19
Morgan Geekie 0 1 1 -1 2 3 2 1 0 2 11/18 19:02 3:37 4:39
Nick Perbix 1 2 3 4 0 1 1 0 2 2 0/0 24:11 4:17 5:40
Nikolai Knyzhov 0 3 3 4 0 0 1 2 1 0 0/0 24:11 4:17 5:40
Oskar Olausson 0 0 0 0 4 5 0 0 0 1 0/0 10:53 0:04 0:00
Samuel Bolduc 0 1 1 -2 0 1 0 1 1 0 0/0 24:02 3:53 6:14
Players Stats for Rock Island Raccoons
Player Name G A P +/- PIM S H SB GA TA FO MP PP MP PK MP
------------------------------------------------------------------------------------
Alex Barre-Boulet 2 0 2 0 0 8 1 0 0 2 0/1 21:27 6:04 3:51
Andrew Ladd 0 0 0 -2 0 2 2 0 0 0 0/0 12:11 0:39 0:10
Brendan Smith 0 0 0 -3 4 0 2 1 1 0 0/0 25:19 6:05 3:04
Carl Hagelin 0 0 0 0 0 0 0 0 2 1 0/0 7:51 0:00 1:15
Craig Smith 1 0 1 0 0 3 1 0 1 1 1/5 20:38 5:27 3:56
Damien Giroux 0 0 0 -2 0 1 0 1 0 1 4/6 11:33 0:00 0:00
Eric Robinson 0 0 0 0 5 2 2 2 1 0 0/3 19:17 4:33 3:53
Guillaume Brisebois 0 0 0 -1 0 1 0 0 0 0 0/0 13:52 0:00 1:54
Jake Walman 0 0 0 2 0 2 0 1 0 0 0/0 23:07 5:49 4:19
Jan Mysak 0 0 0 0 0 1 0 0 0 0 0/1 4:00 0:41 0:00
Jujhar Khaira 0 1 1 0 2 5 4 0 0 0 8/19 22:20 5:47 2:58
Karl Henriksson 0 0 0 0 0 0 1 0 0 0 0/2 5:28 0:00 0:17
Kyle Burroughs 0 0 0 2 2 2 5 1 0 0 0/0 21:34 5:49 3:11
Logan Stanley 0 0 0 0 5 0 1 2 0 0 0/0 12:05 0:00 0:01
Martin Chromiak 0 2 2 0 0 1 2 0 0 0 0/0 17:07 6:04 0:00
Ryan Lindgren 0 0 0 -4 5 1 3 4 1 0 0/0 24:49 6:05 3:51
Tuukka Tieksola 0 0 0 -2 0 1 0 0 1 0 0/0 11:33 0:00 0:00
Vinni Lettieri 0 1 1 0 2 2 1 1 0 0 15/22 17:31 6:27 0:00
3 Stars
1 - Jack Studnicka (PRB)
2 - Michal Teply (PRB)
3 - Nick Perbix (PRB)
Power Play
Providence Bruins - 1 on 5 Attempt(s) - 20.00%
Rock Island Raccoons - 0 on 6 Attempt(s) - 0.00%
Penalty Kill
Providence Bruins - 6 on 6 Attempt(s) - 100.00%
- Score 1 goal in Penalty Kill
Rock Island Raccoons - 4 on 5 Attempt(s) - 80.00%
- Score 0 goal in Penalty Kill
Team Stat
Providence Bruins - Hits : 13 - Faceoff Wins : 31 - Blocked Shots : 7 - Penalty Minutes : 37
Rock Island Raccoons - Hits : 25 - Faceoff Wins : 28 - Blocked Shots : 13 - Penalty Minutes : 25
Official
Referees : Tom Chmielewski and Brad Meier
Linesman : Vaughan Rody and John Grandt
Game Notes
Eric Robinson and Michael Pezzetta fight to a draw at 0:09 of 1st period
Logan Stanley and Cole Schwindt fight to a draw at 12:58 of 3rd period
Cole Smith beats up Ryan Lindgren at 19:22 of 3rd period
Providence Bruins
5 vs 5 Forward
Center Left Wing Right Wing Time % Phy DF OF
1 Morgan Geekie Cole Smith Michael Pezzetta 30 1 2 2
2 Jack Studnicka Michal Teply Cole Schwindt 30 1 2 2
3 Logan Hutsko John Beecher Oskar Olausson 25 1 2 2
4 Blake Murray Jachym Kondelik Brandon Coe 15 1 2 2
5 vs 5 Defense
Defense Defense Time % Phy DF OF
1 Nikolai Knyzhov Nick Perbix 35 1 2 2
2 Samuel Bolduc Jordan Spence 35 1 2 2
3 Marc Del Gaizo Jared McIsaac 30 1 2 2
4 Nikolai Knyzhov Nick Perbix 0 1 2 2
PowerPlay Forward
Center Left Wing Right Wing Time % Phy DF OF
1 Morgan Geekie Cole Smith Michael Pezzetta 50 1 2 2
2 Jack Studnicka Michal Teply Cole Schwindt 50 1 2 2
PowerPlay Defense
Defense Defense Time % Phy DF OF
1 Nikolai Knyzhov Nick Perbix 50 1 2 2
2 Samuel Bolduc Jordan Spence 50 1 2 2
Penalty Kill 4 Players Forward
Center Wing Time % Phy DF OF
1 Morgan Geekie Cole Smith 50 1 2 2
2 Michael Pezzetta Jack Studnicka 50 1 2 2
Penalty Kill 4 Players Defense
Defense Defense Time % Phy DF OF
1 Nikolai Knyzhov Nick Perbix 50 1 2 2
2 Samuel Bolduc Jordan Spence 50 1 2 2
Penalty Kill - 3 Players Forward
Forward Time % Phy DF OF
1 Morgan Geekie 50 1 2 2
2 Cole Smith 50 1 2 2
Penalty Kill - 3 Players Defense
Defense Defense Time % Phy DF OF
1 Nikolai Knyzhov Nick Perbix 50 1 2 2
2 Samuel Bolduc Jordan Spence 50 1 2 2
4 vs 4 Forward
Center Wing Time % Phy DF OF
1 Morgan Geekie Cole Smith 50 1 2 2
2 Michael Pezzetta Jack Studnicka 50 1 2 2
4 vs 4 Defense
Defense Defense Time % Phy DF OF
1 Nikolai Knyzhov Nick Perbix 50 1 2 2
2 Samuel Bolduc Jordan Spence 50 1 2 2
Last Minutes Offensive
Center Left Wing Right Wing Defense Defense
Morgan Geekie Cole Smith Michael Pezzetta Nikolai Knyzhov Nick Perbix
Last Minutes Defensive
Center Left Wing Right Wing Defense Defense
Morgan Geekie Cole Smith Michael Pezzetta Nikolai Knyzhov Nick Perbix
Goaltenders
Starting : Leevi Merilainen
Backup : Olivier Rodrigue
Extra Forwards
Normal : Blake Murray, Jachym Kondelik, Logan Hutsko - PP : Blake Murray, Jachym Kondelik - PK : Logan Hutsko
Extra Defensemen
Normal : Marc Del Gaizo, Jared McIsaac, Samuel Bolduc - PP : Marc Del Gaizo - PK : Jared McIsaac, Samuel Bolduc
Penalty Shots
Morgan Geekie, Cole Smith, Michael Pezzetta, Jack Studnicka, Cole Schwindt
Rock Island Raccoons
5 vs 5 Forward
Center Left Wing Right Wing Time % Phy DF OF
1 Jujhar Khaira Eric Robinson Craig Smith 30 1 2 2
2 Vinni Lettieri Alex Barre-Boulet Martin Chromiak 30 1 2 2
3 Damien Giroux Andrew Ladd Tuukka Tieksola 25 1 2 2
4 Karl Henriksson Carl Hagelin Jujhar Khaira 15 1 2 2
5 vs 5 Defense
Defense Defense Time % Phy DF OF
1 Ryan Lindgren Brendan Smith 30 1 2 2
2 Jake Walman Kyle Burroughs 30 1 2 2
3 Logan Stanley Guillaume Brisebois 25 1 2 2
4 Ryan Lindgren Brendan Smith 15 1 2 2
PowerPlay Forward
Center Left Wing Right Wing Time % Phy DF OF
1 Jujhar Khaira Eric Robinson Craig Smith 50 1 2 2
2 Vinni Lettieri Alex Barre-Boulet Martin Chromiak 50 1 2 2
PowerPlay Defense
Defense Defense Time % Phy DF OF
1 Ryan Lindgren Brendan Smith 50 1 2 2
2 Jake Walman Kyle Burroughs 50 1 2 2
Penalty Kill 4 Players Forward
Center Wing Time % Phy DF OF
1 Jujhar Khaira Eric Robinson 50 1 2 2
2 Craig Smith Alex Barre-Boulet 50 1 2 2
Penalty Kill 4 Players Defense
Defense Defense Time % Phy DF OF
1 Ryan Lindgren Brendan Smith 50 1 2 2
2 Jake Walman Kyle Burroughs 50 1 2 2
Penalty Kill - 3 Players Forward
Forward Time % Phy DF OF
1 Jujhar Khaira 50 1 2 2
2 Eric Robinson 50 1 2 2
Penalty Kill - 3 Players Defense
Defense Defense Time % Phy DF OF
1 Ryan Lindgren Brendan Smith 50 1 2 2
2 Jake Walman Kyle Burroughs 50 1 2 2
4 vs 4 Forward
Center Wing Time % Phy DF OF
1 Jujhar Khaira Eric Robinson 50 1 2 2
2 Craig Smith Alex Barre-Boulet 50 1 2 2
4 vs 4 Defense
Defense Defense Time % Phy DF OF
1 Ryan Lindgren Brendan Smith 50 1 2 2
2 Jake Walman Kyle Burroughs 50 1 2 2
Last Minutes Offensive
Center Left Wing Right Wing Defense Defense
Jujhar Khaira Eric Robinson Craig Smith Ryan Lindgren Brendan Smith
Last Minutes Defensive
Center Left Wing Right Wing Defense Defense
Jujhar Khaira Eric Robinson Craig Smith Ryan Lindgren Brendan Smith
Goaltenders
Starting : Craig Anderson
Backup : Braden Holtby
Extra Forwards
Normal : Jan Mysak, Andrew Ladd, Carl Hagelin - PP : Jan Mysak, Andrew Ladd - PK : Carl Hagelin
Extra Defensemen
Normal : Logan Stanley, Guillaume Brisebois, Jake Walman - PP : Logan Stanley - PK : Guillaume Brisebois, Jake Walman
Penalty Shots
Jujhar Khaira, Eric Robinson, Craig Smith, Alex Barre-Boulet, Vinni Lettieri
% Time on Ice - Providence Bruins
Lines # - Real PCT - Wanted PCT - Time Play
Normal Forward
1 - 29% - 30% - 11:29
2 - 29% - 30% - 11:43
3 - 24% - 25% - 9:28
4 - 18% - 15% - 7:16
Normal Defense
1 - 36% - 35% - 14:14
2 - 35% - 35% - 13:55
3 - 30% - 30% - 11:47
4 - 0% - 0% - 0:00
PP Forward
1 - 48% - 50% - 3:57
2 - 52% - 50% - 4:13
PP Defense
1 - 52% - 50% - 4:17
2 - 48% - 50% - 3:53
PK Forward
1 - 51% - 50% - 6:06
2 - 49% - 50% - 5:48
PK Defense
1 - 48% - 50% - 5:40
2 - 52% - 50% - 6:14
PK3 Forward
1 - 0% - 50%
2 - 0% - 50%
PK3 Defense
1 - 0% - 50%
2 - 0% - 50%
44 Forward
1 - 0% - 50%
2 - 0% - 50%
44 Defense
1 - 0% - 50%
2 - 0% - 50%
Last Minute Offensive - 0:00
Last Minute Defensive - 0:00
Total
Forward - 60:00
Defense - 60:00
|
% Time on Ice - Rock Island Raccoons
Lines # - Real PCT - Wanted PCT - Time Play
Normal Forward
1 - 29% - 30% - 11:41
2 - 29% - 30% - 11:32
3 - 29% - 25% - 11:33
4 - 13% - 15% - 5:10
Normal Defense
1 - 29% - 30% - 11:38
2 - 33% - 30% - 12:59
3 - 30% - 25% - 11:58
4 - 8% - 15% - 3:21
PP Forward
1 - 49% - 50% - 5:50
2 - 51% - 50% - 6:04
PP Defense
1 - 51% - 50% - 6:05
2 - 49% - 50% - 5:49
PK Forward
1 - 53% - 50% - 4:19
2 - 47% - 50% - 3:51
PK Defense
1 - 47% - 50% - 3:51
2 - 53% - 50% - 4:19
PK3 Forward
1 - 0% - 50%
2 - 0% - 50%
PK3 Defense
1 - 0% - 50%
2 - 0% - 50%
44 Forward
1 - 0% - 50%
2 - 0% - 50%
44 Defense
1 - 0% - 50%
2 - 0% - 50%
Last Minute Offensive - 0:00
Last Minute Defensive - 0:00
Total
Forward - 60:00
Defense - 60:00
|
Play-by-Play
1st period
0:01 of 1st period - Morgan Geekie wins face-off versus Craig Smith in neutral zone.
0:09 of 1st period - Eric Robinson and Michael Pezzetta fight to a draw.
0:09 of 1st period - Penalty to Eric Robinson for Fighting.
0:09 of 1st period - Penalty to Michael Pezzetta for Fighting.
0:09 of 1st period - Penalty to Michael Pezzetta for instigated a fight.
0:09 of 1st period - Penalty to Michael Pezzetta for instigated a fight.
0:10 of 1st period - Morgan Geekie wins face-off versus Jujhar Khaira in Rock Island Raccoons zone.
0:35 of 1st period - Logan Hutsko is hit by Ryan Lindgren and loses puck.
1:14 of 1st period - Samuel Bolduc is hit by Kyle Burroughs and loses puck.
1:59 of 1st period - Jake Walman is hit by Jack Studnicka and loses puck.
2:09 of 1st period - Penalty to Michael Pezzetta is over, Cole Smith is send on ice.
3:19 of 1st period - Craig Smith is hit by Nikolai Knyzhov and loses puck.
3:32 of 1st period - Morgan Geekie is hit by Andrew Ladd and loses puck.
3:43 of 1st period - Cole Smith is hit by Vinni Lettieri and loses puck.
4:05 of 1st period - Icing by Jujhar Khaira.
4:06 of 1st period - Logan Hutsko wins face-off versus Jujhar Khaira in Rock Island Raccoons zone.
4:09 of 1st period - Wrist shot by Logan Hutsko.
4:09 of 1st period - Shot Misses the Net.
4:11 of 1st period - Slapshot by Oskar Olausson.
4:11 of 1st period - Stopped by Craig Anderson with a rebound.
4:13 of 1st period - Slapshot by Marc Del Gaizo.
4:13 of 1st period - Shot Blocked by Logan Stanley.
4:37 of 1st period - Slapshot by Vinni Lettieri.
4:37 of 1st period - Shot Blocked by Jack Studnicka.
4:39 of 1st period - Slapshot by Guillaume Brisebois.
4:39 of 1st period - Stopped by Leevi Merilainen without a rebound.
4:40 of 1st period - Damien Giroux wins face-off versus Cole Smith in Providence Bruins zone.
5:05 of 1st period - Samuel Bolduc is hit by Kyle Burroughs and loses puck.
5:10 of 1st period - Slapshot by Alex Barre-Boulet.
5:10 of 1st period - Goal by Alex Barre-Boulet - Providence Bruins : 0 - Rock Island Raccoons : 1.
5:11 of 1st period - Jack Studnicka wins face-off versus Vinni Lettieri in neutral zone.
5:16 of 1st period - Wrist shot by Jack Studnicka.
5:16 of 1st period - Shot Misses the Net.
5:18 of 1st period - Minor Penalty to Brendan Smith for Tripping.
5:19 of 1st period - Jujhar Khaira wins face-off versus Morgan Geekie in Rock Island Raccoons zone.
6:24 of 1st period - Snap shot by Cole Smith.
6:24 of 1st period - Shot Misses the Net.
7:18 of 1st period - Penalty to Brendan Smith is over, Brendan Smith is back on ice.
7:30 of 1st period - Snap shot by Alex Barre-Boulet.
7:30 of 1st period - Shot Misses the Net.
7:36 of 1st period - Snap shot by Carl Hagelin.
7:36 of 1st period - Shot Blocked by Logan Hutsko.
7:38 of 1st period - Snap shot by Alex Barre-Boulet.
7:38 of 1st period - Shot Blocked by Nikolai Knyzhov.
7:42 of 1st period - Wrist shot by Alex Barre-Boulet.
7:42 of 1st period - Shot Misses the Net.
7:44 of 1st period - Slapshot by Logan Stanley.
7:44 of 1st period - Shot Blocked by Nikolai Knyzhov.
7:46 of 1st period - Slapshot by Ryan Lindgren.
7:46 of 1st period - Stopped by Leevi Merilainen without a rebound.
7:47 of 1st period - Damien Giroux wins face-off versus Blake Murray in Providence Bruins zone.
8:13 of 1st period - Eric Robinson is hit by Cole Smith.
8:23 of 1st period - Cole Smith is hit by Jujhar Khaira and loses puck.
8:57 of 1st period - Wrist shot by Blake Murray.
8:57 of 1st period - Deflect By Jachym Kondelik.
8:57 of 1st period - Shot Misses the Net.
8:57 of 1st period - Puck is out of play.
8:58 of 1st period - Blake Murray wins face-off versus Damien Giroux in Rock Island Raccoons zone.
8:59 of 1st period - Slapshot by Jachym Kondelik.
8:59 of 1st period - Stopped by Craig Anderson with a rebound.
9:34 of 1st period - Kyle Burroughs is hit by Jachym Kondelik and loses puck.
9:43 of 1st period - Jachym Kondelik is hit by Andrew Ladd and loses puck.
10:26 of 1st period - Off-side.
10:27 of 1st period - Jujhar Khaira wins face-off versus Jack Studnicka in neutral zone.
10:42 of 1st period - Snap shot by Jack Studnicka.
10:42 of 1st period - Shot Misses the Net.
10:52 of 1st period - Nick Perbix is hit by Ryan Lindgren and loses puck.
11:34 of 1st period - Cole Schwindt is hit by Jujhar Khaira and loses puck.
11:51 of 1st period - Snap shot by Jan Mysak.
11:51 of 1st period - Shot Misses the Net.
12:25 of 1st period - Morgan Geekie is hit by Eric Robinson and loses puck.
15:09 of 1st period - 10 Minutes Misconduct Penalty to Michael Pezzetta is over.
15:14 of 1st period - Slapshot by Jujhar Khaira.
15:14 of 1st period - Stopped by Leevi Merilainen with a rebound.
16:21 of 1st period - Slapshot by Alex Barre-Boulet.
16:21 of 1st period - Stopped by Leevi Merilainen with a rebound.
16:23 of 1st period - Snap shot by Vinni Lettieri.
16:23 of 1st period - Shot Misses the Net.
16:55 of 1st period - Michael Pezzetta is hit by Eric Robinson and loses puck.
17:11 of 1st period - Minor Penalty to Oskar Olausson for Hooking.
17:12 of 1st period - Vinni Lettieri wins face-off versus Michael Pezzetta in Providence Bruins zone.
17:13 of 1st period - Snap shot by Alex Barre-Boulet.
17:13 of 1st period - Stopped by Leevi Merilainen without a rebound.
17:14 of 1st period - Vinni Lettieri wins face-off versus Michael Pezzetta in Providence Bruins zone.
17:19 of 1st period - Slapshot by Vinni Lettieri.
17:19 of 1st period - Stopped by Leevi Merilainen with a rebound.
17:48 of 1st period - Wrist shot by Cole Smith.
17:48 of 1st period - Shot Hit the Post.
18:34 of 1st period - Vinni Lettieri is hit by Michael Pezzetta and loses puck.
19:11 of 1st period - Penalty to Oskar Olausson is over, Oskar Olausson is back on ice.
Goals for this period are 0 for Providence Bruins vs 1 for Rock Island Raccoons.
Shots for this period are 2 for Providence Bruins vs 7 for Rock Island Raccoons.
2nd period
0:01 of 2nd period - Jack Studnicka wins face-off versus Jujhar Khaira in neutral zone.
0:26 of 2nd period - Morgan Geekie is hit by Brendan Smith and loses puck.
0:35 of 2nd period - Wrist shot by Alex Barre-Boulet.
0:35 of 2nd period - Deflect By Martin Chromiak.
0:35 of 2nd period - Shot Misses the Net.
0:35 of 2nd period - Puck is out of play.
0:36 of 2nd period - Jack Studnicka wins face-off versus Vinni Lettieri in Providence Bruins zone.
1:22 of 2nd period - Slapshot by Andrew Ladd.
1:22 of 2nd period - Stopped by Leevi Merilainen with a rebound.
1:47 of 2nd period - Backhand shot by Logan Hutsko.
1:47 of 2nd period - Shot Blocked by Ryan Lindgren.
1:49 of 2nd period - Snap shot by Oskar Olausson.
1:49 of 2nd period - Shot Blocked by Vinni Lettieri.
1:53 of 2nd period - Wrist shot by Oskar Olausson.
1:53 of 2nd period - Stopped by Craig Anderson with a rebound.
1:55 of 2nd period - Slapshot by Oskar Olausson.
1:55 of 2nd period - Shot Blocked by Ryan Lindgren.
1:57 of 2nd period - Wrist shot by John Beecher.
1:57 of 2nd period - Shot Misses the Net.
1:59 of 2nd period - Snap shot by John Beecher.
1:59 of 2nd period - Shot Blocked by Ryan Lindgren.
2:01 of 2nd period - Slapshot by John Beecher.
2:01 of 2nd period - Shot Misses the Net.
2:03 of 2nd period - Slapshot by Logan Hutsko.
2:03 of 2nd period - Stopped by Craig Anderson with a rebound.
2:05 of 2nd period - Slapshot by Oskar Olausson.
2:05 of 2nd period - Stopped by Craig Anderson with a rebound.
2:07 of 2nd period - Wrist shot by Oskar Olausson.
2:07 of 2nd period - Stopped by Craig Anderson with a rebound.
2:09 of 2nd period - Snap shot by Logan Hutsko.
2:09 of 2nd period - Stopped by Craig Anderson without a rebound.
2:10 of 2nd period - Jujhar Khaira wins face-off versus Jack Studnicka in Rock Island Raccoons zone.
2:17 of 2nd period - Wrist shot by Eric Robinson.
2:17 of 2nd period - Deflect By Jujhar Khaira.
2:17 of 2nd period - Stopped by Leevi Merilainen with a rebound.
2:35 of 2nd period - Nikolai Knyzhov is hit by Kyle Burroughs and loses puck.
2:56 of 2nd period - Snap shot by Michal Teply.
2:56 of 2nd period - Shot Blocked by Jake Walman.
2:58 of 2nd period - Slapshot by Cole Schwindt.
2:58 of 2nd period - Stopped by Craig Anderson with a rebound.
3:12 of 2nd period - Wrist shot by Jack Studnicka.
3:12 of 2nd period - Stopped by Craig Anderson with a rebound.
3:22 of 2nd period - Wrist shot by Michal Teply.
3:22 of 2nd period - Shot Blocked by Damien Giroux.
3:24 of 2nd period - Snap shot by Cole Schwindt.
3:24 of 2nd period - Shot Misses the Net.
3:30 of 2nd period - Wrist shot by Jack Studnicka.
3:30 of 2nd period - Shot Misses the Net.
3:32 of 2nd period - Wrist shot by Cole Schwindt.
3:32 of 2nd period - Stopped by Craig Anderson with a rebound.
3:34 of 2nd period - Snap shot by Michal Teply.
3:34 of 2nd period - Stopped by Craig Anderson with a rebound.
4:07 of 2nd period - Wrist shot by Tuukka Tieksola.
4:07 of 2nd period - Shot Misses the Net.
4:19 of 2nd period - Snap shot by Jack Studnicka.
4:19 of 2nd period - Shot Misses the Net.
4:21 of 2nd period - Wrist shot by Michal Teply.
4:21 of 2nd period - Goal by Michal Teply - Providence Bruins : 1 - Rock Island Raccoons : 1.
4:22 of 2nd period - Morgan Geekie wins face-off versus Craig Smith in neutral zone.
4:25 of 2nd period - Wrist shot by Morgan Geekie.
4:25 of 2nd period - Shot Blocked by Eric Robinson.
4:27 of 2nd period - Snap shot by Michael Pezzetta.
4:27 of 2nd period - Shot Misses the Net.
4:29 of 2nd period - Wrist shot by Michael Pezzetta.
4:29 of 2nd period - Stopped by Craig Anderson with a rebound.
4:31 of 2nd period - Slapshot by Nikolai Knyzhov.
4:31 of 2nd period - Shot Blocked by Eric Robinson.
4:33 of 2nd period - Slapshot by Nick Perbix.
4:33 of 2nd period - Shot Blocked by Brendan Smith.
4:35 of 2nd period - Slapshot by Morgan Geekie.
4:35 of 2nd period - Stopped by Craig Anderson with a rebound.
4:37 of 2nd period - Slapshot by Nick Perbix.
4:37 of 2nd period - Goal by Nick Perbix - Providence Bruins : 2 - Rock Island Raccoons : 1.
4:38 of 2nd period - Morgan Geekie wins face-off versus Eric Robinson in neutral zone.
5:27 of 2nd period - Wrist shot by Jachym Kondelik.
5:27 of 2nd period - Stopped by Craig Anderson with a rebound.
5:45 of 2nd period - Icing by Blake Murray.
5:46 of 2nd period - Blake Murray wins face-off versus Jujhar Khaira in Providence Bruins zone.
5:53 of 2nd period - Backhand shot by Jujhar Khaira.
5:53 of 2nd period - Stopped by Leevi Merilainen with a rebound.
5:55 of 2nd period - Snap shot by Eric Robinson.
5:55 of 2nd period - Shot Misses the Net.
5:57 of 2nd period - Wrist shot by Jujhar Khaira.
5:57 of 2nd period - Stopped by Leevi Merilainen with a rebound.
6:07 of 2nd period - Wrist shot by Andrew Ladd.
6:07 of 2nd period - Shot Misses the Net.
6:09 of 2nd period - Slapshot by Tuukka Tieksola.
6:09 of 2nd period - Shot Misses the Net.
6:11 of 2nd period - Wrist shot by Kyle Burroughs.
6:11 of 2nd period - Stopped by Leevi Merilainen with a rebound.
6:13 of 2nd period - Slapshot by Kyle Burroughs.
6:13 of 2nd period - Stopped by Leevi Merilainen without a rebound.
6:14 of 2nd period - Vinni Lettieri wins face-off versus Michael Pezzetta in Providence Bruins zone.
6:39 of 2nd period - Cole Schwindt is hit by Brendan Smith and loses puck.
7:55 of 2nd period - Wrist shot by Alex Barre-Boulet.
7:55 of 2nd period - Deflect By Michael Pezzetta.
7:55 of 2nd period - Shot Blocked by Samuel Bolduc.
7:55 of 2nd period - Puck is out of play.
7:56 of 2nd period - Vinni Lettieri wins face-off versus Jack Studnicka in Providence Bruins zone.
8:27 of 2nd period - Off-side.
8:28 of 2nd period - Michael Pezzetta wins face-off versus Jujhar Khaira in neutral zone.
8:33 of 2nd period - Wrist shot by Morgan Geekie.
8:33 of 2nd period - Shot Misses the Net.
8:35 of 2nd period - Snap shot by Morgan Geekie.
8:35 of 2nd period - Stopped by Craig Anderson with a rebound.
8:37 of 2nd period - Snap shot by Cole Smith.
8:37 of 2nd period - Shot Misses the Net.
8:39 of 2nd period - Wrist shot by Morgan Geekie.
8:39 of 2nd period - Shot Blocked by Logan Stanley.
9:06 of 2nd period - Wrist shot by Alex Barre-Boulet.
9:06 of 2nd period - Shot Misses the Net.
9:53 of 2nd period - Minor Penalty to Michael Pezzetta for Roughing.
9:54 of 2nd period - Vinni Lettieri wins face-off versus Morgan Geekie in Providence Bruins zone.
10:11 of 2nd period - Nick Perbix is hit by Alex Barre-Boulet and loses puck.
11:26 of 2nd period - Logan Hutsko is hit by Jujhar Khaira and loses puck.
11:53 of 2nd period - Penalty to Michael Pezzetta is over, Michael Pezzetta is back on ice.
12:01 of 2nd period - Wrist shot by Jachym Kondelik.
12:01 of 2nd period - Deflect By Brandon Coe.
12:01 of 2nd period - Shot Misses the Net.
12:01 of 2nd period - Puck is out of play.
12:02 of 2nd period - Blake Murray wins face-off versus Damien Giroux in Rock Island Raccoons zone.
12:03 of 2nd period - Snap shot by Jachym Kondelik.
12:03 of 2nd period - Stopped by Craig Anderson with a rebound.
12:19 of 2nd period - Snap shot by Andrew Ladd.
12:19 of 2nd period - Stopped by Leevi Merilainen without a rebound.
12:20 of 2nd period - Jujhar Khaira wins face-off versus Morgan Geekie in Providence Bruins zone.
12:32 of 2nd period - Icing by Cole Smith.
12:33 of 2nd period - Morgan Geekie wins face-off versus Jujhar Khaira in Providence Bruins zone.
12:48 of 2nd period - Wrist shot by Morgan Geekie.
12:48 of 2nd period - Stopped by Craig Anderson without a rebound.
12:49 of 2nd period - Jack Studnicka wins face-off versus Vinni Lettieri in Rock Island Raccoons zone.
12:52 of 2nd period - Snap shot by Jack Studnicka.
12:52 of 2nd period - Shot Misses the Net.
12:54 of 2nd period - Wrist shot by Cole Schwindt.
12:54 of 2nd period - Shot Misses the Net.
12:56 of 2nd period - Snap shot by Nikolai Knyzhov.
12:56 of 2nd period - Deflect By Michal Teply.
12:56 of 2nd period - Stopped by Craig Anderson without a rebound.
12:57 of 2nd period - Vinni Lettieri wins face-off versus Jack Studnicka in Rock Island Raccoons zone.
13:02 of 2nd period - Snap shot by Alex Barre-Boulet.
13:02 of 2nd period - Stopped by Leevi Merilainen with a rebound.
13:28 of 2nd period - Off-side.
13:29 of 2nd period - Jujhar Khaira wins face-off versus Logan Hutsko in neutral zone.
13:34 of 2nd period - Snap shot by Eric Robinson.
13:34 of 2nd period - Stopped by Leevi Merilainen with a rebound.
13:43 of 2nd period - Backhand shot by Oskar Olausson.
13:43 of 2nd period - Deflect By John Beecher.
13:43 of 2nd period - Shot Misses the Net.
13:43 of 2nd period - Puck is out of play.
13:44 of 2nd period - Vinni Lettieri wins face-off versus Morgan Geekie in Rock Island Raccoons zone.
13:55 of 2nd period - Wrist shot by Cole Smith.
13:55 of 2nd period - Stopped by Craig Anderson without a rebound.
13:56 of 2nd period - Morgan Geekie wins face-off versus Jujhar Khaira in Rock Island Raccoons zone.
13:59 of 2nd period - Wrist shot by Morgan Geekie.
13:59 of 2nd period - Shot Misses the Net.
14:05 of 2nd period - Michael Pezzetta is hit by Craig Smith and loses puck.
14:18 of 2nd period - Minor Penalty to Jordan Spence for Hooking.
14:19 of 2nd period - Morgan Geekie wins face-off versus Alex Barre-Boulet in Providence Bruins zone.
14:19 of 2nd period - Morgan Geekie is hit by Martin Chromiak.
14:31 of 2nd period - Snap shot by Michael Pezzetta.
14:31 of 2nd period - Stopped by Craig Anderson with a rebound.
14:33 of 2nd period - Snap shot by Michael Pezzetta.
14:33 of 2nd period - Goal by Michael Pezzetta - Providence Bruins : 3 - Rock Island Raccoons : 1.
14:34 of 2nd period - Morgan Geekie wins face-off versus Eric Robinson in neutral zone.
15:50 of 2nd period - Jake Walman is hit by Nick Perbix and loses puck.
16:18 of 2nd period - Penalty to Jordan Spence is over, Jordan Spence is back on ice.
16:29 of 2nd period - Minor Penalty to Brendan Smith for Interference.
16:30 of 2nd period - Jack Studnicka wins face-off versus Jujhar Khaira in Rock Island Raccoons zone.
16:39 of 2nd period - Slapshot by Jack Studnicka.
16:39 of 2nd period - Shot Misses the Net.
16:41 of 2nd period - Slapshot by Nikolai Knyzhov.
16:41 of 2nd period - Shot Misses the Net.
16:43 of 2nd period - Snap shot by Jack Studnicka.
16:43 of 2nd period - Goal by Jack Studnicka - Providence Bruins : 4 - Rock Island Raccoons : 1.
16:44 of 2nd period - Jack Studnicka wins face-off versus Jujhar Khaira in neutral zone.
16:47 of 2nd period - Snap shot by Jack Studnicka.
16:47 of 2nd period - Stopped by Craig Anderson without a rebound.
16:48 of 2nd period - Jack Studnicka wins face-off versus Jujhar Khaira in Rock Island Raccoons zone.
16:48 of 2nd period - Jack Studnicka is hit by Ryan Lindgren.
16:52 of 2nd period - Slapshot by Jack Studnicka.
16:52 of 2nd period - Shot Misses the Net.
16:54 of 2nd period - Minor Penalty to Jujhar Khaira for Hooking.
16:55 of 2nd period - Craig Smith wins face-off versus Michal Teply in Rock Island Raccoons zone.
17:10 of 2nd period - Carl Hagelin is hit by Jack Studnicka and loses puck.
17:43 of 2nd period - Ryan Lindgren is hit by Michal Teply.
18:54 of 2nd period - Penalty to Jujhar Khaira is over, Jujhar Khaira is back on ice.
19:06 of 2nd period - Oskar Olausson is hit by Logan Stanley and loses puck.
19:20 of 2nd period - Off-side.
19:21 of 2nd period - Vinni Lettieri wins face-off versus Blake Murray in neutral zone.
19:53 of 2nd period - Wrist shot by Jordan Spence.
19:53 of 2nd period - Shot Blocked by Ryan Lindgren.
19:55 of 2nd period - Snap shot by Jordan Spence.
19:55 of 2nd period - Stopped by Craig Anderson with a rebound.
19:59 of 2nd period - Snap shot by John Beecher.
19:59 of 2nd period - Stopped by Craig Anderson without a rebound.
Goals for this period are 4 for Providence Bruins vs 0 for Rock Island Raccoons.
Shots for this period are 25 for Providence Bruins vs 9 for Rock Island Raccoons.
3rd period
0:01 of 3rd period - Jujhar Khaira wins face-off versus Morgan Geekie in neutral zone.
0:11 of 3rd period - Icing by Morgan Geekie.
0:12 of 3rd period - Morgan Geekie wins face-off versus Eric Robinson in Providence Bruins zone.
0:12 of 3rd period - Morgan Geekie is hit by Kyle Burroughs.
0:32 of 3rd period - Kyle Burroughs is hit by Morgan Geekie and loses puck.
0:45 of 3rd period - Backhand shot by Craig Smith.
0:45 of 3rd period - Goal by Craig Smith - Providence Bruins : 4 - Rock Island Raccoons : 2.
0:46 of 3rd period - Vinni Lettieri wins face-off versus Jack Studnicka in neutral zone.
0:55 of 3rd period - Snap shot by Vinni Lettieri.
0:55 of 3rd period - Shot Misses the Net.
1:17 of 3rd period - Slapshot by Ryan Lindgren.
1:17 of 3rd period - Shot Misses the Net.
1:19 of 3rd period - Minor Penalty to Morgan Geekie for Interference.
1:20 of 3rd period - Logan Hutsko wins face-off versus Jujhar Khaira in Providence Bruins zone.
3:18 of 3rd period - Ryan Lindgren is hit by Blake Murray.
3:19 of 3rd period - Penalty to Morgan Geekie is over, Morgan Geekie is back on ice.
5:03 of 3rd period - Slapshot by Carl Hagelin.
5:03 of 3rd period - Deflect By Jan Mysak.
5:03 of 3rd period - Stopped by Leevi Merilainen with a rebound.
5:54 of 3rd period - Icing by Nick Perbix.
5:55 of 3rd period - Jack Studnicka wins face-off versus Jan Mysak in Providence Bruins zone.
6:10 of 3rd period - Wrist shot by Eric Robinson.
6:10 of 3rd period - Stopped by Leevi Merilainen with a rebound.
6:20 of 3rd period - Brendan Smith is hit by Marc Del Gaizo and loses puck.
6:43 of 3rd period - Snap shot by Jujhar Khaira.
6:43 of 3rd period - Stopped by Leevi Merilainen with a rebound.
6:45 of 3rd period - Slapshot by Jake Walman.
6:45 of 3rd period - Stopped by Leevi Merilainen without a rebound.
6:46 of 3rd period - Jack Studnicka wins face-off versus Karl Henriksson in Providence Bruins zone.
6:46 of 3rd period - Jack Studnicka is hit by Karl Henriksson.
6:54 of 3rd period - Slapshot by Jack Studnicka.
6:54 of 3rd period - Stopped by Craig Anderson with a rebound.
6:56 of 3rd period - Slapshot by Cole Schwindt.
6:56 of 3rd period - Stopped by Craig Anderson without a rebound.
6:57 of 3rd period - Jack Studnicka wins face-off versus Vinni Lettieri in Rock Island Raccoons zone.
6:58 of 3rd period - Snap shot by Michal Teply.
6:58 of 3rd period - Goal by Michal Teply - Providence Bruins : 5 - Rock Island Raccoons : 2.
6:59 of 3rd period - Jack Studnicka wins face-off versus Vinni Lettieri in neutral zone.
7:18 of 3rd period - Minor Penalty to Vinni Lettieri for High sticking.
7:19 of 3rd period - Jack Studnicka wins face-off versus Craig Smith in Rock Island Raccoons zone.
8:55 of 3rd period - Cole Schwindt is hit by Kyle Burroughs and loses puck.
9:18 of 3rd period - Penalty to Vinni Lettieri is over, Vinni Lettieri is back on ice.
9:26 of 3rd period - Wrist shot by Blake Murray.
9:26 of 3rd period - Shot Misses the Net.
9:28 of 3rd period - Slapshot by Oskar Olausson.
9:28 of 3rd period - Stopped by Craig Anderson with a rebound.
9:30 of 3rd period - Snap shot by Oskar Olausson.
9:30 of 3rd period - Shot Blocked by Kyle Burroughs.
9:40 of 3rd period - Slapshot by Logan Hutsko.
9:40 of 3rd period - Stopped by Craig Anderson without a rebound.
9:41 of 3rd period - Damien Giroux wins face-off versus Logan Hutsko in Rock Island Raccoons zone.
9:47 of 3rd period - Minor Penalty to Oskar Olausson for Hooking.
9:48 of 3rd period - Vinni Lettieri wins face-off versus Michael Pezzetta in Providence Bruins zone.
10:44 of 3rd period - Slapshot by Craig Smith.
10:44 of 3rd period - Stopped by Leevi Merilainen without a rebound.
10:45 of 3rd period - Vinni Lettieri wins face-off versus Morgan Geekie in Providence Bruins zone.
10:46 of 3rd period - Snap shot by Alex Barre-Boulet.
10:46 of 3rd period - Shot Misses the Net.
10:48 of 3rd period - Slapshot by Jake Walman.
10:48 of 3rd period - Stopped by Leevi Merilainen with a rebound.
10:50 of 3rd period - Wrist shot by Martin Chromiak.
10:50 of 3rd period - Stopped by Leevi Merilainen with a rebound.
10:52 of 3rd period - Snap shot by Martin Chromiak.
10:52 of 3rd period - Shot Misses the Net.
10:54 of 3rd period - Slapshot by Kyle Burroughs.
10:54 of 3rd period - Shot Blocked by Morgan Geekie.
11:47 of 3rd period - Penalty to Oskar Olausson is over, Oskar Olausson is back on ice.
11:56 of 3rd period - Snap shot by Tuukka Tieksola.
11:56 of 3rd period - Stopped by Leevi Merilainen with a rebound.
11:58 of 3rd period - Slapshot by Logan Stanley.
11:58 of 3rd period - Shot Misses the Net.
12:00 of 3rd period - Slapshot by Logan Stanley.
12:00 of 3rd period - Deflect By Damien Giroux.
12:00 of 3rd period - Stopped by Leevi Merilainen with a rebound.
12:02 of 3rd period - Slapshot by Andrew Ladd.
12:02 of 3rd period - Shot Misses the Net.
12:30 of 3rd period - John Beecher is hit by Jujhar Khaira.
12:45 of 3rd period - Off-side.
12:46 of 3rd period - Logan Hutsko wins face-off versus Karl Henriksson in neutral zone.
12:58 of 3rd period - Logan Stanley and Cole Schwindt fight to a draw.
12:58 of 3rd period - Penalty to Logan Stanley for Fighting.
12:58 of 3rd period - Penalty to Cole Schwindt for Fighting.
12:59 of 3rd period - Vinni Lettieri wins face-off versus Cole Smith in Rock Island Raccoons zone.
13:30 of 3rd period - Kyle Burroughs is hit by Michal Teply and loses puck.
13:51 of 3rd period - Wrist shot by Tuukka Tieksola.
13:51 of 3rd period - Shot Misses the Net.
14:07 of 3rd period - Wrist shot by Brandon Coe.
14:07 of 3rd period - Stopped by Craig Anderson with a rebound.
14:09 of 3rd period - Slapshot by Jordan Spence.
14:09 of 3rd period - Stopped by Craig Anderson with a rebound.
14:11 of 3rd period - Slapshot by Samuel Bolduc.
14:11 of 3rd period - Stopped by Craig Anderson with a rebound.
14:13 of 3rd period - Slapshot by Blake Murray.
14:13 of 3rd period - Deflect By Brandon Coe.
14:13 of 3rd period - Shot Misses the Net.
14:13 of 3rd period - Puck is out of play.
14:14 of 3rd period - Jujhar Khaira wins face-off versus Michael Pezzetta in Rock Island Raccoons zone.
14:39 of 3rd period - Blake Murray is hit by Martin Chromiak and loses puck.
14:49 of 3rd period - Minor Penalty to Kyle Burroughs for Holding.
14:50 of 3rd period - Blake Murray wins face-off versus Craig Smith in Rock Island Raccoons zone.
16:29 of 3rd period - Jake Walman is hit by Morgan Geekie and loses puck.
16:49 of 3rd period - Penalty to Kyle Burroughs is over, Kyle Burroughs is back on ice.
17:56 of 3rd period - Icing by Carl Hagelin.
17:57 of 3rd period - Vinni Lettieri wins face-off versus Jack Studnicka in Rock Island Raccoons zone.
18:04 of 3rd period - Wrist shot by Alex Barre-Boulet.
18:04 of 3rd period - Shot Misses the Net.
18:06 of 3rd period - Wrist shot by Alex Barre-Boulet.
18:06 of 3rd period - Stopped by Leevi Merilainen without a rebound.
18:07 of 3rd period - Damien Giroux wins face-off versus Logan Hutsko in Providence Bruins zone.
18:10 of 3rd period - Snap shot by Andrew Ladd.
18:10 of 3rd period - Shot Misses the Net.
18:20 of 3rd period - Snap shot by Logan Hutsko.
18:20 of 3rd period - Goal by Logan Hutsko - Providence Bruins : 6 - Rock Island Raccoons : 2.
18:21 of 3rd period - Morgan Geekie wins face-off versus Vinni Lettieri in neutral zone.
18:33 of 3rd period - Slapshot by Vinni Lettieri.
18:33 of 3rd period - Shot Misses the Net.
18:35 of 3rd period - Slapshot by Vinni Lettieri.
18:35 of 3rd period - Stopped by Leevi Merilainen with a rebound.
18:37 of 3rd period - Wrist shot by Alex Barre-Boulet.
18:37 of 3rd period - Shot Misses the Net.
19:11 of 3rd period - Snap shot by Craig Smith.
19:11 of 3rd period - Shot Misses the Net.
19:19 of 3rd period - Slapshot by Nick Perbix.
19:19 of 3rd period - Shot Misses the Net.
19:21 of 3rd period - Slapshot by Logan Hutsko.
19:21 of 3rd period - Deflect By Jujhar Khaira.
19:21 of 3rd period - Shot Misses the Net.
19:21 of 3rd period - Puck is out of play.
19:22 of 3rd period - Morgan Geekie wins face-off versus Vinni Lettieri in Rock Island Raccoons zone.
19:22 of 3rd period - Cole Smith beats up Ryan Lindgren.
19:22 of 3rd period - Penalty to Ryan Lindgren for Fighting.
19:22 of 3rd period - Penalty to Cole Smith for Fighting.
19:23 of 3rd period - Vinni Lettieri wins face-off versus Morgan Geekie in Rock Island Raccoons zone.
19:31 of 3rd period - Slapshot by Alex Barre-Boulet.
19:31 of 3rd period - Goal by Alex Barre-Boulet - Providence Bruins : 6 - Rock Island Raccoons : 3.
19:32 of 3rd period - Vinni Lettieri wins face-off versus Blake Murray in neutral zone.
19:43 of 3rd period - Snap shot by Alex Barre-Boulet.
19:43 of 3rd period - Shot Blocked by Michael Pezzetta.
19:45 of 3rd period - Snap shot by Alex Barre-Boulet.
19:45 of 3rd period - Stopped by Leevi Merilainen with a rebound.
19:47 of 3rd period - Snap shot by Alex Barre-Boulet.
19:47 of 3rd period - Stopped by Leevi Merilainen without a rebound.
19:48 of 3rd period - Jujhar Khaira wins face-off versus Jack Studnicka in Providence Bruins zone.
19:49 of 3rd period - Snap shot by Craig Smith.
19:49 of 3rd period - Stopped by Leevi Merilainen with a rebound.
Goals for this period are 2 for Providence Bruins vs 2 for Rock Island Raccoons.
Shots for this period are 9 for Providence Bruins vs 16 for Rock Island Raccoons.
Back to the Top